Blackhawks vs Bruins

Created - Thursday, December 11, 2014 at 21:27

Goals
1 2 3 T
Blackhawks 0 1 0 1
Bruins 3 0 3 6
Shots
1 2 3 T
Blackhawks 8 6 7 21
Bruins 16 11 10 37

1st period

1. Bruins , Anze Kopitar 14 (Matt Duchene) at 5:43 (PP)
2. Bruins , Jonas Brodin 4 (Ryan Smyth) at 5:54
3. Bruins , Shea Weber 16 (Matt Duchene, Ryan O'Reilly) at 11:25 (PP)

Penalties :
T.J. Oshie (Bos) for Elbowing (Minor) at 1:36, David Backes (Chi) for Roughing (Minor) at 5:16, Jan Hejda (Chi) for Interference (Minor) at 5:57, Dustin Byfuglien (Chi) for Interference (Minor) at 11:01, Andrew Shaw (Chi) for Roughing (Minor) at 14:29, Ryan Smyth (Bos) for Tripping (Minor) at 19:30

2nd period

4. Blackhawks , Brooks Laich 2 (Andrew Shaw, Jaromir Jagr) at 11:04

Penalties :
Nick Holden (Bos) for Hooking (Minor) at 3:27, Martin Hanzal (Chi) for Roughing (Minor) at 7:20

3rd period

5. Bruins , Jeff Petry 3 (Shea Weber, Zemgus Girgensons) at 4:30
6. Bruins , Paul Stastny 13 (T.J. Oshie) at 7:45 (PP)
7. Bruins , Nick Holden 2 (Anze Kopitar, Matt Duchene) at 9:32 (PP)

Penalties :
David Backes (Chi) for Tripping (Minor) at 7:33, Martin Hanzal (Chi) for Hooking (Minor) at 9:10, David Backes (Chi) for Hooking (Minor) at 12:22

Goalie Stats

Craig Anderson (Chi), 31 saves from 37 shots - (0.838), L, 4-8-0, 60:00 minutes
Jonathan Quick (Bos), 20 saves from 21 shots - (0.952), W, 18-3-2, 60:00 minutes

Players Stats for Blackhawks

Player Name              G  A  P  +/- PIM S  H  SB GA TA FO     MP     PP MP  PK MP  
------------------------------------------------------------------------------------
Andrew Shaw              0  1  1   0  2   2  1  0  0  0  0/1    10:19   0:00   0:00 
Brock Nelson             0  0  0  -1  0   0  0  0  1  1  0/0    11:59   0:00   0:00 
Brooks Laich             1  0  1   0  0   1  2  3  0  0  4/10   13:00   0:00   4:22 
Cal Clutterbuck          0  0  0   0  0   0  0  0  0  0  0/0     8:38   0:00   0:00 
Curtis Glencross         0  0  0   0  0   2  1  0  0  0  0/0    13:38   3:17   0:00 
David Backes             0  0  0   0  6   2  2  1  1  0  3/9    13:05   2:40   0:00 
Dustin Byfuglien         0  0  0  -1  2   1  3  0  1  1  0/0    20:11   2:54   0:00 
Jan Hejda                0  0  0  -1  2   0  1  0  0  2  0/0    14:58   0:00   0:00 
Jaromir Jagr             0  1  1   0  0   2  1  0  0  0  0/1    21:23   2:40   4:59 
Jeff Carter              0  0  0   0  0   0  0  0  2  1  12/18  21:23   2:40   4:59 
Jordie Benn              0  0  0   1  0   0  2  2  0  4  0/0    18:12   0:00   4:34 
Justin Braun             0  0  0  -1  0   1  0  4  0  4  0/0    21:36   3:03   4:47 
Martin Hanzal            0  0  0  -1  4   2  3  1  0  0  12/16  15:28   3:17   0:00 
Michael Del Zotto        0  0  0  -1  0   0  3  1  1  4  0/0    23:58   2:54   4:47 
PA Parenteau             0  0  0   0  0   1  0  0  1  0  0/0    10:07   0:00   0:00 
Ryan Callahan            0  0  0  -1  0   3  3  0  3  0  1/3    19:52   3:17   4:22 
Torey Krug               0  0  0   1  0   1  0  1  0  0  0/0    21:15   3:03   4:34 
Tyler Toffoli            0  0  0   0  0   3  1  0  0  0  1/1    11:29   0:00   0:00 

Players Stats for Bruins

Player Name              G  A  P  +/- PIM S  H  SB GA TA FO     MP     PP MP  PK MP  
------------------------------------------------------------------------------------
Andre Benoit             0  0  0  -1  0   1  0  2  0  0  0/0    13:43   0:04   3:09 
Anze Kopitar             1  1  2  -1  0   4  1  2  3  0  8/17   19:06   5:36   0:00 
Brenden Dillon           0  0  0   1  0   2  1  3  0  1  0/0    20:19   0:00   2:48 
Jeff Petry               1  0  1   1  0   2  0  2  1  1  0/0    18:58   0:00   3:09 
Jesse Winchester         0  0  0   0  0   0  1  0  0  0  1/7     9:07   0:00   1:25 
Jonas Brodin             1  0  1   1  0   5  0  0  2  3  0/0    20:19   0:00   2:48 
Marian Hossa             0  0  0  -1  0   2  2  0  3  0  3/4    18:09   3:45   0:00 
Matt Duchene             0  3  3  -1  0   4  1  0  5  0  2/2    20:17   6:13   0:00 
Nick Holden              1  0  1  -1  2   1  2  0  1  0  0/0    18:19   7:09   0:00 
Paul Stastny             1  0  1   0  0   3  0  0  2  0  5/8    17:22   3:45   0:09 
Ryan O'Reilly            0  1  1   0  0   4  0  1  3  0  0/1    17:43   5:36   0:00 
Ryan Smyth               0  1  1   2  2   2  1  0  2  0  0/0    12:28   0:00   1:16 
Shea Weber               1  1  2   1  0   3  4  4  3  1  0/0    25:58   9:17   0:00 
T.J. Oshie               0  1  1   0  2   1  2  0  1  0  0/2    16:51   3:45   0:00 
Tom Wilson               0  0  0   0  0   0  3  0  0  0  0/0     6:52   0:00   0:00 
Tommy Wingels            0  0  0   2  0   2  3  1  3  0  0/0    15:01   0:00   4:32 
Valeri Nichushkin        0  0  0   0  0   1  0  0  3  0  0/1     8:27   1:35   0:00 
Zemgus Girgensons        0  1  1   2  0   0  0  0  0  1  7/17   15:01   0:00   4:32 

3 Stars

1 - Shea Weber (Bos)
2 - Jonathan Quick (Bos)
3 - Anze Kopitar (Bos)

Power Play

Blackhawks - 0 on 3 Attempt(s) - 0.00%
Bruins - 4 on 8 Attempt(s) - 50.00%

Penalty Kill

Blackhawks - 4 on 8 Attempt(s) - 50.00% - Score 0 goal in Penalty Kill
Bruins - 3 on 3 Attempt(s) - 100.00% - Score 0 goal in Penalty Kill

Official

Referees : Unknown
Linesman : Unknown

Game Notes

No Game Note

Finance

Level 1 -- Attendance: 5895 (98.25%) -- Ticket Income $477,495
Level 2 -- Attendance: 4366 (87.32%) -- Ticket Income $240,130
Level 3 -- Attendance: 2000 (100.00%) -- Ticket Income $58,000
Level 4 -- Attendance: 4000 (100.00%) -- Ticket Income $76,000
Luxury Box -- Attendance: 966 (96.60%) -- Ticket Income $170,982
Game was played at the TD Banknorth Garden
Total Attendance: 17227 (95.71%)
Total Ticket Income: $1,022,607
Other Income: $501,077
Total Income: $1,523,684

Blackhawks

5 vs 5 Forward 
   Center                   Left Wing                Right Wing               Time % Phy DF OF 
 1 Jeff Carter              Tyler Toffoli            Jaromir Jagr             30     0   2  3  
 2 David Backes             Curtis Glencross         PA Parenteau             25     1   2  2  
 3 Martin Hanzal            Brock Nelson             Ryan Callahan            25     2   2  1  
 4 Brooks Laich             Cal Clutterbuck          Andrew Shaw              20     2   2  1  

5 vs 5 Defense 
   Defense                  Defense                                           Time % Phy DF OF 
 1 Michael Del Zotto        Justin Braun                                      30     1   2  2  
 2 Torey Krug               Jordie Benn                                       30     1   2  2  
 3 Jan Hejda                Dustin Byfuglien                                  30     1   2  2  
 4 Michael Del Zotto        Justin Braun                                      10     1   2  2  

PowerPlay Forward 
   Center                   Left Wing                Right Wing               Time % Phy DF OF 
 1 Martin Hanzal            Curtis Glencross         Ryan Callahan            50     0   1  4  
 2 David Backes             Jaromir Jagr             Jeff Carter              50     0   1  4  

PowerPlay Defense
   Defense                  Defense                                           Time % Phy DF OF 
 1 Torey Krug               Justin Braun                                      50     0   2  3  
 2 Michael Del Zotto        Dustin Byfuglien                                  50     0   2  3  

Penalty Kill 4 Players Forward 
   Center                   Wing                     Time % Phy DF OF 
 1 Brooks Laich             Ryan Callahan            50     1   3  1  
 2 Jeff Carter              Jaromir Jagr             50     1   3  1  

Penalty Kill 4 Players Defense
   Defense                  Defense                  Time % Phy DF OF 
 1 Torey Krug               Jordie Benn              50     2   3  0  
 2 Michael Del Zotto        Justin Braun             50     2   3  0  

Penalty Kill - 3 Players Forward 
   Forward                                           Time % Phy DF OF 
 1 Ryan Callahan                                     50     1   4  0  
 2 Brooks Laich                                      50     1   4  0  

Penalty Kill - 3 Players Defense
   Defense                  Defense                  Time % Phy DF OF 
 1 Torey Krug               Jordie Benn              50     1   4  0  
 2 Michael Del Zotto        Justin Braun             50     1   4  0  

4 vs 4 Forward 
   Center                   Wing                     Time % Phy DF OF 
 1 David Backes             Jeff Carter              50     0   2  3  
 2 Martin Hanzal            Curtis Glencross         50     0   2  3  

4 vs 4 Defense
   Defense                  Defense                  Time % Phy DF OF 
 1 Jan Hejda                Justin Braun             50     1   2  2  
 2 Torey Krug               Jordie Benn              50     1   2  2  

Last Minutes Offensive
   Center                   Left Wing                Right Wing               Defense                  Defense                  
   David Backes             Jaromir Jagr             Jeff Carter              Torey Krug               Dustin Byfuglien         

Last Minutes Defensive
   Center                   Left Wing                Right Wing               Defense                  Defense                  
   David Backes             Brooks Laich             Ryan Callahan            Jan Hejda                Justin Braun             

Goaltenders
Starting : Craig Anderson           
Backup : Anton Khudobin           

Extra Forwards
Normal : Ryan Callahan, Jeff Carter, David Backes - PP : Ryan Callahan, PA Parenteau - PK : David Backes
Extra Defensemen
Normal : Dustin Byfuglien, Torey Krug, Michael Del Zotto - PP : Dustin Byfuglien - PK : Justin Braun, Jan Hejda
Penalty Shots
Brooks Laich, PA Parenteau, Jeff Carter, Ryan Callahan, Jaromir Jagr

Bruins

5 vs 5 Forward 
   Center                   Left Wing                Right Wing               Time % Phy DF OF 
 1 Anze Kopitar             Matt Duchene             Marian Hossa             40     1   2  2  
 2 Paul Stastny             Ryan O'Reilly            T.J. Oshie               30     1   2  2  
 3 Zemgus Girgensons        Ryan Smyth               Tommy Wingels            20     1   2  2  
 4 Jesse Winchester         Valeri Nichushkin        Tom Wilson               10     2   2  1  

5 vs 5 Defense 
   Defense                  Defense                                           Time % Phy DF OF 
 1 Shea Weber               Jeff Petry                                        40     1   2  2  
 2 Brenden Dillon           Jonas Brodin                                      35     1   2  2  
 3 Nick Holden              Andre Benoit                                      20     1   2  2  
 4 Shea Weber               Jeff Petry                                        5      1   2  2  

PowerPlay Forward 
   Center                   Left Wing                Right Wing               Time % Phy DF OF 
 1 Anze Kopitar             Matt Duchene             Ryan O'Reilly            60     1   0  4  
 2 Paul Stastny             T.J. Oshie               Marian Hossa             40     1   0  4  

PowerPlay Defense
   Defense                  Defense                                           Time % Phy DF OF 
 1 Shea Weber               Nick Holden                                       60     1   1  3  
 2 Shea Weber               Matt Duchene                                      40     1   1  3  

Penalty Kill 4 Players Forward 
   Center                   Wing                     Time % Phy DF OF 
 1 Zemgus Girgensons        Tommy Wingels            60     1   3  1  
 2 Jesse Winchester         Ryan Smyth               40     1   3  1  

Penalty Kill 4 Players Defense
   Defense                  Defense                  Time % Phy DF OF 
 1 Brenden Dillon           Jonas Brodin             50     1   3  1  
 2 Jeff Petry               Andre Benoit             50     1   3  1  

Penalty Kill - 3 Players Forward 
   Forward                                           Time % Phy DF OF 
 1 Zemgus Girgensons                                 60     1   4  0  
 2 Jesse Winchester                                  40     1   4  0  

Penalty Kill - 3 Players Defense
   Defense                  Defense                  Time % Phy DF OF 
 1 Jonas Brodin             Brenden Dillon           55     1   4  0  
 2 Jeff Petry               Andre Benoit             45     1   4  0  

4 vs 4 Forward 
   Center                   Wing                     Time % Phy DF OF 
 1 Anze Kopitar             Marian Hossa             60     1   1  3  
 2 Paul Stastny             Matt Duchene             40     1   2  2  

4 vs 4 Defense
   Defense                  Defense                  Time % Phy DF OF 
 1 Shea Weber               Jeff Petry               60     1   2  2  
 2 Brenden Dillon           Jonas Brodin             40     1   2  2  

Last Minutes Offensive
   Center                   Left Wing                Right Wing               Defense                  Defense                  
   Anze Kopitar             Matt Duchene             Marian Hossa             Shea Weber               Nick Holden              

Last Minutes Defensive
   Center                   Left Wing                Right Wing               Defense                  Defense                  
   Anze Kopitar             Ryan O'Reilly            Marian Hossa             Shea Weber               Jeff Petry               

Goaltenders
Starting : Jonathan Quick           
Backup : Peter Budaj              

Extra Forwards
Normal : Valeri Nichushkin, Tommy Wingels, Ryan Smyth - PP : Valeri Nichushkin, Tommy Wingels - PK : Paul Stastny
Extra Defensemen
Normal : Brenden Dillon, Andre Benoit, Nick Holden - PP : Andre Benoit - PK : Andre Benoit, Nick Holden
Penalty Shots
T.J. Oshie, Ryan O'Reilly, Anze Kopitar, Matt Duchene, Valeri Nichushkin

% Time on Ice - Blackhawks

Lines # - Real PCT - Wanted PCT - Time Play
Normal Forward
1 - 26% - 30% - 11:43
2 - 28% - 25% - 12:22
3 - 27% - 25% - 11:59
4 - 19% - 20% - 8:38
Normal Defense
1 - 29% - 30% - 13:03
2 - 31% - 30% - 13:59
3 - 33% - 30% - 14:47
4 - 6% - 10% - 2:53
PP Forward
1 - 55% - 50% - 3:17
2 - 45% - 50% - 2:40
PP Defense
1 - 51% - 50% - 3:03
2 - 49% - 50% - 2:54
PK Forward
1 - 47% - 50% - 4:22
2 - 53% - 50% - 4:59
PK Defense
1 - 49% - 50% - 4:34
2 - 51% - 50% - 4:47
PK3 Forward
1 - 0% - 50%
2 - 0% - 50%
PK3 Defense
1 - 0% - 50%
2 - 0% - 50%
44 Forward
1 - 0% - 50%
2 - 0% - 50%
44 Defense
1 - 0% - 50%
2 - 0% - 50%
Last Minute Offensive  - 0:00
Last Minute Defensive  - 0:00
Total
Forward - 60:00
Defense - 60:00

% Time on Ice - Bruins

Lines # - Real PCT - Wanted PCT - Time Play
Normal Forward
1 - 30% - 40% - 13:36
2 - 31% - 30% - 13:51
3 - 23% - 20% - 10:23
4 - 15% - 10% - 6:52
Normal Defense
1 - 40% - 40% - 17:56
2 - 37% - 35% - 16:37
3 - 23% - 20% - 10:06
4 - 0% - 5% - 0:03
PP Forward
1 - 60% - 60% - 5:36
2 - 40% - 40% - 3:45
PP Defense
1 - 76% - 60% - 7:09
2 - 24% - 40% - 2:12
PK Forward
1 - 76% - 60% - 4:32
2 - 24% - 40% - 1:25
PK Defense
1 - 47% - 50% - 2:48
2 - 53% - 50% - 3:09
PK3 Forward
1 - 0% - 60%
2 - 0% - 40%
PK3 Defense
1 - 0% - 55%
2 - 0% - 45%
44 Forward
1 - 0% - 60%
2 - 0% - 40%
44 Defense
1 - 0% - 60%
2 - 0% - 40%
Last Minute Offensive  - 0:00
Last Minute Defensive  - 0:00
Total
Forward - 60:00
Defense - 60:00

Play by Play

1st period


0:01 of 1st period - Jeff Carter wins face-off versus Anze Kopitar in neutral zone.
0:32 of 1st period - Wrist shot by Anze Kopitar.
0:32 of 1st period - Shot Misses the Net.
0:34 of 1st period - Slapshot by Shea Weber.
0:34 of 1st period - Deflect By Matt Duchene.
0:34 of 1st period - Stopped by Craig Anderson with a rebound.
0:36 of 1st period - Wrist shot by Anze Kopitar.
0:36 of 1st period - Stopped by Craig Anderson with a rebound.
0:48 of 1st period - Jeff Petry is hit by Jaromir Jagr and loses puck.
1:01 of 1st period - David Backes is hit by Shea Weber and loses puck.
1:12 of 1st period - Snap shot by David Backes.
1:12 of 1st period - Stopped by Jonathan Quick with a rebound.
1:20 of 1st period - Slapshot by David Backes.
1:20 of 1st period - Shot Blocked by Shea Weber.
1:26 of 1st period - Snap shot by Curtis Glencross.
1:26 of 1st period - Stopped by Jonathan Quick with a rebound.
1:28 of 1st period - Wrist shot by Jordie Benn.
1:28 of 1st period - Shot Blocked by Shea Weber.
1:30 of 1st period - Wrist shot by David Backes.
1:30 of 1st period - Shot Misses the Net.
1:36 of 1st period - Minor Penalty to T.J. Oshie for Elbowing.
1:37 of 1st period - Zemgus Girgensons wins face-off versus Martin Hanzal in Bruins zone.
1:58 of 1st period - Wrist shot by Curtis Glencross.
1:58 of 1st period - Deflect By Martin Hanzal.
1:58 of 1st period - Shot Blocked by Brenden Dillon.
1:58 of 1st period - Puck is out of play.
1:59 of 1st period - Zemgus Girgensons wins face-off versus David Backes in Bruins zone.
2:52 of 1st period - Jeff Petry is hit by Martin Hanzal and loses puck.
3:36 of 1st period - Penalty to T.J. Oshie is over, T.J. Oshie is back on ice.
3:54 of 1st period - Wrist shot by Andrew Shaw.
3:54 of 1st period - Stopped by Jonathan Quick with a rebound.
4:04 of 1st period - Brenden Dillon is hit by Andrew Shaw and loses puck.
4:15 of 1st period - Michael Del Zotto is hit by Marian Hossa and loses puck.
4:38 of 1st period - Wrist shot by Ryan O'Reilly.
4:38 of 1st period - Stopped by Craig Anderson with a rebound.
4:52 of 1st period - Brenden Dillon is hit by Dustin Byfuglien.
5:16 of 1st period - Minor Penalty to David Backes for Roughing.
5:17 of 1st period - Anze Kopitar wins face-off versus Jeff Carter in Blackhawks zone.
5:20 of 1st period - Snap shot by Ryan O'Reilly.
5:20 of 1st period - Stopped by Craig Anderson with a rebound.
5:22 of 1st period - Slapshot by Shea Weber.
5:22 of 1st period - Deflect By Matt Duchene.
5:22 of 1st period - Shot Misses the Net.
5:22 of 1st period - Puck is out of play.
5:23 of 1st period - Jeff Carter wins face-off versus Anze Kopitar in Blackhawks zone.
5:34 of 1st period - Slapshot by Torey Krug.
5:34 of 1st period - Deflect By Ryan Callahan.
5:34 of 1st period - Shot Misses the Net.
5:34 of 1st period - Puck is out of play.
5:35 of 1st period - Anze Kopitar wins face-off versus Ryan Callahan in Bruins zone.
5:35 of 1st period - Anze Kopitar is hit by Brooks Laich.
5:41 of 1st period - Snap shot by Anze Kopitar.
5:41 of 1st period - Stopped by Craig Anderson with a rebound.
5:43 of 1st period - Snap shot by Anze Kopitar.
5:43 of 1st period - Goal by Anze Kopitar - Blackhawks : 0 - Bruins : 1.
5:44 of 1st period - Martin Hanzal wins face-off versus Zemgus Girgensons in neutral zone.
5:52 of 1st period - Slapshot by Jonas Brodin.
5:52 of 1st period - Shot Hit the Post.
5:54 of 1st period - Slapshot by Jonas Brodin.
5:54 of 1st period - Goal by Jonas Brodin - Blackhawks : 0 - Bruins : 2.
5:55 of 1st period - Tyler Toffoli wins face-off versus Zemgus Girgensons in neutral zone.
5:57 of 1st period - Minor Penalty to Jan Hejda for Interference.
5:58 of 1st period - Jeff Carter wins face-off versus Anze Kopitar in Blackhawks zone.
6:20 of 1st period - Brooks Laich is hit by Anze Kopitar and loses puck.
6:57 of 1st period - Wrist shot by T.J. Oshie.
6:57 of 1st period - Shot Misses the Net.
7:09 of 1st period - Snap shot by T.J. Oshie.
7:09 of 1st period - Shot Misses the Net.
7:11 of 1st period - Wrist shot by Paul Stastny.
7:11 of 1st period - Stopped by Craig Anderson without a rebound.
7:12 of 1st period - Anze Kopitar wins face-off versus Jeff Carter in Blackhawks zone.
7:53 of 1st period - Jeff Carter is hit by Shea Weber and loses puck.
7:57 of 1st period - Penalty to Jan Hejda is over, Jan Hejda is back on ice.
8:25 of 1st period - David Backes is hit by Ryan Smyth and loses puck.
9:03 of 1st period - Wrist shot by Martin Hanzal.
9:03 of 1st period - Deflect By Ryan Callahan.
9:03 of 1st period - Shot Misses the Net.
9:03 of 1st period - Puck is out of play.
9:04 of 1st period - Martin Hanzal wins face-off versus Jesse Winchester in Bruins zone.
9:09 of 1st period - Snap shot by Martin Hanzal.
9:09 of 1st period - Deflect By Nick Holden.
9:09 of 1st period - Shot Misses the Net.
9:09 of 1st period - Puck is out of play.
9:10 of 1st period - Martin Hanzal wins face-off versus Valeri Nichushkin in Bruins zone.
9:21 of 1st period - Slapshot by Ryan Callahan.
9:21 of 1st period - Stopped by Jonathan Quick with a rebound.
9:23 of 1st period - Slapshot by Justin Braun.
9:23 of 1st period - Stopped by Jonathan Quick with a rebound.
9:25 of 1st period - Slapshot by Justin Braun.
9:25 of 1st period - Shot Blocked by Andre Benoit.
10:25 of 1st period - Wrist shot by Matt Duchene.
10:25 of 1st period - Shot Blocked by Jordie Benn.
10:27 of 1st period - Wrist shot by Jonas Brodin.
10:27 of 1st period - Stopped by Craig Anderson without a rebound.
10:28 of 1st period - Paul Stastny wins face-off versus Brooks Laich in Blackhawks zone.
10:31 of 1st period - Wrist shot by Ryan O'Reilly.
10:31 of 1st period - Stopped by Craig Anderson with a rebound.
10:44 of 1st period - Off-side.
10:45 of 1st period - Paul Stastny wins face-off versus Brooks Laich in neutral zone.
11:01 of 1st period - Minor Penalty to Dustin Byfuglien for Interference.
11:02 of 1st period - Anze Kopitar wins face-off versus Jaromir Jagr in Blackhawks zone.
11:25 of 1st period - Slapshot by Shea Weber.
11:25 of 1st period - Deflect By Jordie Benn.
11:25 of 1st period - Goal by Shea Weber - Blackhawks : 0 - Bruins : 3.
11:26 of 1st period - Anze Kopitar wins face-off versus Jeff Carter in neutral zone.
12:32 of 1st period - Tommy Wingels is hit by Dustin Byfuglien and loses puck.
13:22 of 1st period - Icing by David Backes.
13:23 of 1st period - Jesse Winchester wins face-off versus David Backes in Blackhawks zone.
13:36 of 1st period - Snap shot by David Backes.
13:36 of 1st period - Stopped by Jonathan Quick with a rebound.
13:38 of 1st period - Slapshot by Michael Del Zotto.
13:38 of 1st period - Deflect By David Backes.
13:38 of 1st period - Shot Misses the Net.
13:38 of 1st period - Puck is out of play.
13:39 of 1st period - Jeff Carter wins face-off versus Jesse Winchester in Bruins zone.
13:46 of 1st period - Snap shot by Valeri Nichushkin.
13:46 of 1st period - Shot Blocked by Jordie Benn.
13:58 of 1st period - Slapshot by Torey Krug.
13:58 of 1st period - Stopped by Jonathan Quick with a rebound.
14:06 of 1st period - Wrist shot by Jeff Carter.
14:06 of 1st period - Shot Blocked by Brenden Dillon.
14:08 of 1st period - Slapshot by Jordie Benn.
14:08 of 1st period - Shot Blocked by Brenden Dillon.
14:10 of 1st period - Slapshot by Jordie Benn.
14:10 of 1st period - Deflect By Tyler Toffoli.
14:10 of 1st period - Stopped by Jonathan Quick without a rebound.
14:11 of 1st period - Anze Kopitar wins face-off versus Andrew Shaw in Bruins zone.
14:29 of 1st period - Minor Penalty to Andrew Shaw for Roughing.
14:30 of 1st period - Matt Duchene wins face-off versus Brooks Laich in Blackhawks zone.
14:34 of 1st period - Wrist shot by Ryan O'Reilly.
14:34 of 1st period - Stopped by Craig Anderson with a rebound.
14:42 of 1st period - Snap shot by Matt Duchene.
14:42 of 1st period - Stopped by Craig Anderson with a rebound.
14:44 of 1st period - Wrist shot by Ryan O'Reilly.
14:44 of 1st period - Shot Misses the Net.
15:06 of 1st period - Wrist shot by Anze Kopitar.
15:06 of 1st period - Shot Blocked by Brooks Laich.
15:08 of 1st period - Slapshot by Nick Holden.
15:08 of 1st period - Shot Blocked by Brooks Laich.
15:33 of 1st period - Jeff Carter is hit by T.J. Oshie and loses puck.
16:00 of 1st period - Shea Weber is hit by Michael Del Zotto and loses puck.
16:22 of 1st period - Jeff Carter is hit by Marian Hossa and loses puck.
16:29 of 1st period - Penalty to Andrew Shaw is over, Andrew Shaw is back on ice.
17:25 of 1st period - Backhand shot by Brenden Dillon.
17:25 of 1st period - Stopped by Craig Anderson with a rebound.
17:27 of 1st period - Slapshot by Jonas Brodin.
17:27 of 1st period - Stopped by Craig Anderson with a rebound.
17:29 of 1st period - Snap shot by Brenden Dillon.
17:29 of 1st period - Shot Misses the Net.
17:43 of 1st period - Jeff Carter is hit by Tom Wilson and loses puck.
18:08 of 1st period - Slapshot by Ryan O'Reilly.
18:08 of 1st period - Shot Misses the Net.
18:10 of 1st period - Snap shot by Shea Weber.
18:10 of 1st period - Stopped by Craig Anderson without a rebound.
18:11 of 1st period - Paul Stastny wins face-off versus Ryan Callahan in Blackhawks zone.
18:12 of 1st period - Snap shot by Ryan O'Reilly.
18:12 of 1st period - Shot Misses the Net.
18:24 of 1st period - Slapshot by Dustin Byfuglien.
18:24 of 1st period - Shot Misses the Net.
18:57 of 1st period - Shea Weber is hit by Martin Hanzal and loses puck.
19:30 of 1st period - Minor Penalty to Ryan Smyth for Tripping.
19:31 of 1st period - Martin Hanzal wins face-off versus Zemgus Girgensons in Bruins zone.
19:41 of 1st period - Ryan Callahan is hit by Tommy Wingels and loses puck.
Goals for this period are 0 for Blackhawks vs 3 for Bruins.
Shots for this period are 8 for Blackhawks vs 16 for Bruins.

2nd period


0:01 of 2nd period - Zemgus Girgensons wins face-off versus David Backes in neutral zone.
0:53 of 2nd period - Wrist shot by Zemgus Girgensons.
0:53 of 2nd period - Deflect By Tommy Wingels.
0:53 of 2nd period - Shot Misses the Net.
0:53 of 2nd period - Puck is out of play.
0:54 of 2nd period - Zemgus Girgensons wins face-off versus Martin Hanzal in Blackhawks zone.
1:03 of 2nd period - Snap shot by Curtis Glencross.
1:03 of 2nd period - Shot Blocked by Tommy Wingels.
1:11 of 2nd period - Slapshot by Curtis Glencross.
1:11 of 2nd period - Shot Misses the Net.
1:13 of 2nd period - Slapshot by Curtis Glencross.
1:13 of 2nd period - Stopped by Jonathan Quick without a rebound.
1:14 of 2nd period - Martin Hanzal wins face-off versus Zemgus Girgensons in Bruins zone.
1:30 of 2nd period - Penalty to Ryan Smyth is over, Ryan Smyth is back on ice.
1:56 of 2nd period - Slapshot by Paul Stastny.
1:56 of 2nd period - Stopped by Craig Anderson without a rebound.
1:57 of 2nd period - Brooks Laich wins face-off versus Anze Kopitar in Blackhawks zone.
2:31 of 2nd period - Icing by Jordie Benn.
2:32 of 2nd period - Paul Stastny wins face-off versus Brooks Laich in Blackhawks zone.
2:55 of 2nd period - Wrist shot by Jaromir Jagr.
2:55 of 2nd period - Shot Misses the Net.
2:57 of 2nd period - Wrist shot by Jeff Carter.
2:57 of 2nd period - Shot Blocked by Ryan O'Reilly.
3:21 of 2nd period - Snap shot by Jaromir Jagr.
3:21 of 2nd period - Stopped by Jonathan Quick with a rebound.
3:27 of 2nd period - Minor Penalty to Nick Holden for Hooking.
3:28 of 2nd period - Martin Hanzal wins face-off versus Zemgus Girgensons in Bruins zone.
3:50 of 2nd period - Wrist shot by Martin Hanzal.
3:50 of 2nd period - Stopped by Jonathan Quick with a rebound.
3:52 of 2nd period - Slapshot by Dustin Byfuglien.
3:52 of 2nd period - Stopped by Jonathan Quick without a rebound.
3:53 of 2nd period - David Backes wins face-off versus Zemgus Girgensons in Bruins zone.
4:54 of 2nd period - Martin Hanzal is hit by Tommy Wingels and loses puck.
5:27 of 2nd period - Penalty to Nick Holden is over, Nick Holden is back on ice.
6:06 of 2nd period - Jeff Petry is hit by Dustin Byfuglien and loses puck.
6:36 of 2nd period - Off-side.
6:37 of 2nd period - Martin Hanzal wins face-off versus Paul Stastny in neutral zone.
7:14 of 2nd period - Wrist shot by T.J. Oshie.
7:14 of 2nd period - Shot Misses the Net.
7:20 of 2nd period - Minor Penalty to Martin Hanzal for Roughing.
7:21 of 2nd period - Jeff Carter wins face-off versus Anze Kopitar in Blackhawks zone.
7:56 of 2nd period - Matt Duchene is hit by Jordie Benn and loses puck.
8:13 of 2nd period - Nick Holden is hit by Jordie Benn and loses puck.
8:51 of 2nd period - Ryan O'Reilly is hit by Ryan Callahan and loses puck.
9:00 of 2nd period - Snap shot by Anze Kopitar.
9:00 of 2nd period - Stopped by Craig Anderson with a rebound.
9:02 of 2nd period - Slapshot by Shea Weber.
9:02 of 2nd period - Shot Blocked by Michael Del Zotto.
9:19 of 2nd period - Icing by Shea Weber.
9:20 of 2nd period - Penalty to Martin Hanzal is over, Martin Hanzal is back on ice.
9:20 of 2nd period - Marian Hossa wins face-off versus David Backes in Bruins zone.
9:25 of 2nd period - T.J. Oshie is hit by David Backes and loses puck.
9:56 of 2nd period - Wrist shot by Tommy Wingels.
9:56 of 2nd period - Stopped by Craig Anderson with a rebound.
9:58 of 2nd period - Slapshot by Jonas Brodin.
9:58 of 2nd period - Shot Misses the Net.
10:00 of 2nd period - Slapshot by Jonas Brodin.
10:00 of 2nd period - Shot Misses the Net.
10:12 of 2nd period - Slapshot by Ryan Smyth.
10:12 of 2nd period - Stopped by Craig Anderson without a rebound.
10:13 of 2nd period - Jeff Carter wins face-off versus Jesse Winchester in Blackhawks zone.
10:36 of 2nd period - Brenden Dillon is hit by Michael Del Zotto and loses puck.
11:02 of 2nd period - Wrist shot by Andrew Shaw.
11:02 of 2nd period - Shot Misses the Net.
11:04 of 2nd period - Slapshot by Brooks Laich.
11:04 of 2nd period - Goal by Brooks Laich - Blackhawks : 1 - Bruins : 3.
11:05 of 2nd period - Martin Hanzal wins face-off versus Anze Kopitar in neutral zone.
11:08 of 2nd period - Slapshot by Dustin Byfuglien.
11:08 of 2nd period - Shot Misses the Net.
11:54 of 2nd period - Off-side.
11:55 of 2nd period - David Backes wins face-off versus T.J. Oshie in neutral zone.
12:30 of 2nd period - Brenden Dillon is hit by Curtis Glencross and loses puck.
12:54 of 2nd period - Justin Braun is hit by Brenden Dillon and loses puck.
13:05 of 2nd period - Jeff Carter is hit by Tommy Wingels and loses puck.
13:25 of 2nd period - Brooks Laich is hit by Matt Duchene and loses puck.
13:51 of 2nd period - Off-side.
13:52 of 2nd period - Martin Hanzal wins face-off versus Jesse Winchester in neutral zone.
16:03 of 2nd period - Snap shot by Ryan Smyth.
16:03 of 2nd period - Deflect By Tommy Wingels.
16:03 of 2nd period - Stopped by Craig Anderson with a rebound.
16:25 of 2nd period - Wrist shot by Tommy Wingels.
16:25 of 2nd period - Deflect By Ryan Smyth.
16:25 of 2nd period - Stopped by Craig Anderson without a rebound.
16:26 of 2nd period - Jeff Carter wins face-off versus Jesse Winchester in Blackhawks zone.
16:39 of 2nd period - Wrist shot by Valeri Nichushkin.
16:39 of 2nd period - Deflect By Jeff Carter.
16:39 of 2nd period - Stopped by Craig Anderson with a rebound.
16:41 of 2nd period - Slapshot by Jonas Brodin.
16:41 of 2nd period - Stopped by Craig Anderson with a rebound.
16:52 of 2nd period - Slapshot by Jonas Brodin.
16:52 of 2nd period - Stopped by Craig Anderson with a rebound.
16:54 of 2nd period - Wrist shot by Shea Weber.
16:54 of 2nd period - Deflect By Jeff Carter.
16:54 of 2nd period - Stopped by Craig Anderson without a rebound.
16:55 of 2nd period - Martin Hanzal wins face-off versus T.J. Oshie in Blackhawks zone.
17:28 of 2nd period - Slapshot by Ryan Callahan.
17:28 of 2nd period - Stopped by Jonathan Quick with a rebound.
17:50 of 2nd period - Snap shot by Marian Hossa.
17:50 of 2nd period - Stopped by Craig Anderson with a rebound.
18:26 of 2nd period - Brooks Laich is hit by Nick Holden and loses puck.
19:15 of 2nd period - Brenden Dillon is hit by Tyler Toffoli and loses puck.
19:37 of 2nd period - Jan Hejda is hit by Jesse Winchester and loses puck.
19:44 of 2nd period - Dustin Byfuglien is hit by Tom Wilson and loses puck.
19:58 of 2nd period - Snap shot by T.J. Oshie.
19:58 of 2nd period - Shot Misses the Net.
Goals for this period are 1 for Blackhawks vs 0 for Bruins.
Shots for this period are 6 for Blackhawks vs 11 for Bruins.

3rd period


0:01 of 3rd period - Anze Kopitar wins face-off versus Jeff Carter in neutral zone.
0:05 of 3rd period - Off-side.
0:06 of 3rd period - Jeff Carter wins face-off versus Marian Hossa in neutral zone.
0:15 of 3rd period - Snap shot by Tyler Toffoli.
0:15 of 3rd period - Shot Blocked by Anze Kopitar.
1:07 of 3rd period - Jordie Benn is hit by Shea Weber and loses puck.
1:55 of 3rd period - Jonas Brodin is hit by Brooks Laich and loses puck.
3:37 of 3rd period - Icing by Jaromir Jagr.
3:38 of 3rd period - Jeff Carter wins face-off versus Ryan O'Reilly in Blackhawks zone.
3:43 of 3rd period - Dustin Byfuglien is hit by T.J. Oshie and loses puck.
3:50 of 3rd period - Brenden Dillon is hit by Jan Hejda and loses puck.
4:15 of 3rd period - Snap shot by Ryan Callahan.
4:15 of 3rd period - Stopped by Jonathan Quick without a rebound.
4:16 of 3rd period - Brooks Laich wins face-off versus Zemgus Girgensons in Bruins zone.
4:17 of 3rd period - Snap shot by Cal Clutterbuck.
4:17 of 3rd period - Shot Misses the Net.
4:20 of 3rd period - Icing by Jeff Petry.
4:21 of 3rd period - Zemgus Girgensons wins face-off versus Brooks Laich in Bruins zone.
4:28 of 3rd period - Slapshot by Shea Weber.
4:28 of 3rd period - Shot Misses the Net.
4:30 of 3rd period - Slapshot by Jeff Petry.
4:30 of 3rd period - Goal by Jeff Petry - Blackhawks : 1 - Bruins : 4.
4:31 of 3rd period - Marian Hossa wins face-off versus Jeff Carter in neutral zone.
4:50 of 3rd period - Wrist shot by Jeff Carter.
4:50 of 3rd period - Shot Misses the Net.
5:02 of 3rd period - Backhand shot by Jeff Carter.
5:02 of 3rd period - Deflect By Marian Hossa.
5:02 of 3rd period - Shot Misses the Net.
5:02 of 3rd period - Puck is out of play.
5:03 of 3rd period - Martin Hanzal wins face-off versus Paul Stastny in Bruins zone.
6:10 of 3rd period - Slapshot by Andre Benoit.
6:10 of 3rd period - Stopped by Craig Anderson without a rebound.
6:11 of 3rd period - Zemgus Girgensons wins face-off versus Jeff Carter in Blackhawks zone.
6:20 of 3rd period - Snap shot by Jaromir Jagr.
6:20 of 3rd period - Shot Blocked by Andre Benoit.
7:33 of 3rd period - Minor Penalty to David Backes for Tripping.
7:34 of 3rd period - Paul Stastny wins face-off versus Brooks Laich in Blackhawks zone.
7:41 of 3rd period - Slapshot by T.J. Oshie.
7:41 of 3rd period - Shot Misses the Net.
7:43 of 3rd period - Snap shot by T.J. Oshie.
7:43 of 3rd period - Stopped by Craig Anderson with a rebound.
7:45 of 3rd period - Wrist shot by Paul Stastny.
7:45 of 3rd period - Goal by Paul Stastny - Blackhawks : 1 - Bruins : 5.
7:46 of 3rd period - Jeff Carter wins face-off versus Anze Kopitar in neutral zone.
8:09 of 3rd period - Snap shot by Jeff Carter.
8:09 of 3rd period - Shot Blocked by Anze Kopitar.
8:21 of 3rd period - Backhand shot by Torey Krug.
8:21 of 3rd period - Deflect By Jaromir Jagr.
8:21 of 3rd period - Stopped by Jonathan Quick with a rebound.
8:47 of 3rd period - Jonas Brodin is hit by Martin Hanzal and loses puck.
9:10 of 3rd period - Minor Penalty to Martin Hanzal for Hooking.
9:11 of 3rd period - Jeff Carter wins face-off versus Anze Kopitar in Blackhawks zone.
9:26 of 3rd period - Wrist shot by Matt Duchene.
9:26 of 3rd period - Stopped by Craig Anderson with a rebound.
9:28 of 3rd period - Slapshot by Nick Holden.
9:28 of 3rd period - Shot Blocked by Justin Braun.
9:30 of 3rd period - Snap shot by Anze Kopitar.
9:30 of 3rd period - Shot Misses the Net.
9:32 of 3rd period - Slapshot by Nick Holden.
9:32 of 3rd period - Goal by Nick Holden - Blackhawks : 1 - Bruins : 6.
9:33 of 3rd period - Martin Hanzal wins face-off versus Zemgus Girgensons in neutral zone.
10:09 of 3rd period - Wrist shot by Ryan Smyth.
10:09 of 3rd period - Shot Blocked by Justin Braun.
10:48 of 3rd period - Snap shot by Tyler Toffoli.
10:48 of 3rd period - Stopped by Jonathan Quick with a rebound.
10:50 of 3rd period - Wrist shot by Jeff Carter.
10:50 of 3rd period - Shot Blocked by Jeff Petry.
10:52 of 3rd period - Slapshot by Dustin Byfuglien.
10:52 of 3rd period - Shot Blocked by Jeff Petry.
10:54 of 3rd period - Slapshot by Dustin Byfuglien.
10:54 of 3rd period - Shot Misses the Net.
10:56 of 3rd period - Slapshot by Jan Hejda.
10:56 of 3rd period - Shot Blocked by Shea Weber.
10:58 of 3rd period - Slapshot by Jan Hejda.
10:58 of 3rd period - Shot Blocked by Shea Weber.
11:11 of 3rd period - Icing by Jan Hejda.
11:12 of 3rd period - Brooks Laich wins face-off versus Paul Stastny in Blackhawks zone.
11:19 of 3rd period - Wrist shot by Andrew Shaw.
11:19 of 3rd period - Stopped by Jonathan Quick with a rebound.
11:27 of 3rd period - Snap shot by Paul Stastny.
11:27 of 3rd period - Shot Misses the Net.
11:29 of 3rd period - Slapshot by Brenden Dillon.
11:29 of 3rd period - Shot Misses the Net.
11:31 of 3rd period - Slapshot by Brenden Dillon.
11:31 of 3rd period - Stopped by Craig Anderson without a rebound.
11:32 of 3rd period - Zemgus Girgensons wins face-off versus David Backes in Blackhawks zone.
11:39 of 3rd period - Slapshot by Ryan Smyth.
11:39 of 3rd period - Shot Misses the Net.
11:41 of 3rd period - Wrist shot by Ryan Smyth.
11:41 of 3rd period - Shot Blocked by David Backes.
11:43 of 3rd period - Slapshot by Tommy Wingels.
11:43 of 3rd period - Deflect By David Backes.
11:43 of 3rd period - Shot Misses the Net.
11:43 of 3rd period - Puck is out of play.
11:44 of 3rd period - David Backes wins face-off versus Zemgus Girgensons in Blackhawks zone.
12:05 of 3rd period - Wrist shot by PA Parenteau.
12:05 of 3rd period - Stopped by Jonathan Quick with a rebound.
12:16 of 3rd period - Nick Holden is hit by David Backes and loses puck.
12:22 of 3rd period - Minor Penalty to David Backes for Hooking.
12:23 of 3rd period - Ryan Callahan wins face-off versus Anze Kopitar in Blackhawks zone.
12:32 of 3rd period - Michael Del Zotto is hit by Nick Holden and loses puck.
14:21 of 3rd period - Jaromir Jagr is hit by Shea Weber and loses puck.
14:22 of 3rd period - Penalty to David Backes is over, David Backes is back on ice.
15:39 of 3rd period - Andre Benoit is hit by Ryan Callahan and loses puck.
15:44 of 3rd period - Snap shot by Martin Hanzal.
15:44 of 3rd period - Stopped by Jonathan Quick without a rebound.
15:45 of 3rd period - Matt Duchene wins face-off versus Martin Hanzal in Bruins zone.
16:20 of 3rd period - Justin Braun is hit by Tom Wilson and loses puck.
16:25 of 3rd period - Slapshot by Shea Weber.
16:25 of 3rd period - Shot Misses the Net.
16:27 of 3rd period - Snap shot by Valeri Nichushkin.
16:27 of 3rd period - Shot Misses the Net.
16:29 of 3rd period - Slapshot by Shea Weber.
16:29 of 3rd period - Shot Blocked by Brooks Laich.
16:31 of 3rd period - Slapshot by Jeff Petry.
16:31 of 3rd period - Deflect By Justin Braun.
16:31 of 3rd period - Stopped by Craig Anderson without a rebound.
16:32 of 3rd period - Brooks Laich wins face-off versus Jesse Winchester in Blackhawks zone.
16:51 of 3rd period - Snap shot by Shea Weber.
16:51 of 3rd period - Shot Blocked by Torey Krug.
17:31 of 3rd period - Snap shot by Tyler Toffoli.
17:31 of 3rd period - Stopped by Jonathan Quick without a rebound.
17:32 of 3rd period - Jeff Carter wins face-off versus Zemgus Girgensons in Bruins zone.
18:19 of 3rd period - Slapshot by Matt Duchene.
18:19 of 3rd period - Stopped by Craig Anderson without a rebound.
18:20 of 3rd period - Marian Hossa wins face-off versus Martin Hanzal in Blackhawks zone.
18:25 of 3rd period - Slapshot by Marian Hossa.
18:25 of 3rd period - Stopped by Craig Anderson with a rebound.
18:27 of 3rd period - Snap shot by Marian Hossa.
18:27 of 3rd period - Shot Blocked by Justin Braun.
18:29 of 3rd period - Slapshot by Jeff Petry.
18:29 of 3rd period - Shot Blocked by Martin Hanzal.
18:31 of 3rd period - Slapshot by Shea Weber.
18:31 of 3rd period - Deflect By Marian Hossa.
18:31 of 3rd period - Shot Blocked by Justin Braun.
18:31 of 3rd period - Puck is out of play.
18:32 of 3rd period - Anze Kopitar wins face-off versus David Backes in Blackhawks zone.
19:23 of 3rd period - Brenden Dillon is hit by Ryan Callahan.
19:43 of 3rd period - T.J. Oshie is hit by Michael Del Zotto and loses puck.
Goals for this period are 0 for Blackhawks vs 3 for Bruins.
Shots for this period are 7 for Blackhawks vs 10 for Bruins.


Output by the SimonT Hockey Simulator (STHS) for Eric Dolegowski -- Original Page W3C XHTML 1.0 Valid
Hockey Simulator - Hockey Simulation - Hockey Manager